 Dungeon Crawl Stone Soup version 0.31-a0-836-g3ceb0a68c4 (webtiles) character file.

Game seed: 12251191073323783006

358 LeprechaunX the Changeling (level 6, -14/41 HPs)
             Began as an Octopode Shapeshifter on Sept 26, 2023.
             Demolished by an ogre
             ... wielding a +0 giant club
              (19 damage)
             ... on level 4 of the Dungeon.
             The game lasted 00:05:46 (2988 turns).

LeprechaunX the Changeling (Octopode Shapeshifter)  Turns: 2988, Time: 00:05:46

Health: -14/41     AC:  1    Str: 21    XL:     6   Next: 64%
Magic:  0/6        EV: 13    Int: 12    God:
Gold:   274        SH:  0    Dex: 12    Spells: 5/5 levels left

rFire   + .          .
                       - Unarmed
rCold   x . .        (no shield)
rNeg    . . .        (helmet currently unavailable)
rPois   .            g - amulet of guardian spirit
rElec   .            d - ring of see invisible
rCorr   .            k - +4 ring of slaying
SInv    +            q - +6 ring of strength
Will    .....        l - ring of fire
Stlth   ++           (no ring)
HPRegen 0.26/turn    (no ring)
MPRegen 0.10/turn    (no ring)
                     (no ring)

%: guardian spirit
@: beast-form
A: beast (slay +2), almost no armour, amphibious, 8 rings, camouflage 1,
gelatinous body 1, (nimble swimmer 1), tentacles
a: Begin Untransformation


You were on level 4 of the Dungeon.
You were a hulking beast.
You visited 1 branch of the dungeon, and saw 4 of its levels.

You collected 298 gold pieces.
You spent 24 gold pieces at shops.

Inventory:

Missiles
 m - 3 javelins (quivered)
 n - 4 silver javelins
 t - a boomerang
Armour
 h - a +0 tower shield
Jewellery
 d - a ring of see invisible (left tentacle)
 g - an amulet of guardian spirit (around mantle)
 k - a +4 ring of slaying (right tentacle)
 l - a ring of fire (on tentacle)
 q - a +6 ring of strength (on tentacle)
Talismans
 b - a beast talisman (active)
 c - a flux talisman
Scrolls
 e - 5 scrolls of identify
 i - a scroll of fear {unknown}
 j - a scroll of enchant armour {unknown}
 o - 4 scrolls of immolation {unknown}
 r - a scroll of teleportation {unknown}
Potions
 a - a potion of lignification
 f - 2 potions of brilliance {unknown}
 p - 2 potions of curing {unknown}
 s - a potion of haste {unknown}


   Skills:
 + Level 2.8 Fighting
 + Level 3.2 Dodging
 + Level 1.7 Shields
 + Level 4.0 Unarmed Combat
 * Level 4.7 Shapeshifting


You had 5 spell levels left.
You didn't know any spells.
Your spell library contained the following spells:

 Spells                   Type           Power      Damage    Failure   Level
 Slow                     Hex            0%         N/A       32%         1
 Summon Small Mammal      Summ           0%         N/A       32%         1
 Call Canine Familiar     Summ           0%         N/A       69%         3
 Confusing Touch          Hex            0%         N/A       69%         3
 Hailstorm                Conj/Ice       0%         3d3       69%         3
 Inner Flame              Hex/Fire       0%         N/A       69%         3
 Sigil of Binding         Hex            0%         N/A       69%         3
 Summon Guardian Golem    Hex/Summ       0%         N/A       69%         3
 Vampiric Draining        Necr           0%         2d6       69%         3
 Summon Ice Beast         Ice/Summ       0%         N/A       97%         4
 Yara's Violent Unravell  Hex/Tmut       0%         3d3       100%        5
 Simulacrum               Ice/Necr       0%         N/A       100%        6
 Enfeeble                 Hex            0%         N/A       100%        7


Dungeon Overview and Level Annotations

Branches:
Dungeon (4/15)
 Temple: D:4-7

Altars:

Shops:
D:1 *


Innate Abilities, Weirdness & Mutations

You are a hulking beast.
Your limbs bulge with bestial killing power. (Slay +2)
You cannot wear most types of armour.
You are amphibious.
You can wear up to eight rings at the same time.
Your skin changes colour to match your surroundings (Stealth+).
Your rubbery body absorbs attacks. (AC +1, EV +1)
((You are camouflaged when in or above water. (Stealth+)))
You have tentacles for arms and can constrict up to eight enemies at once.


Message History

The orc shouts! x2
You bludgeon the orc!
You kill the orc!
You hear a shout!
You closely miss the orc wizard. You grab the orc wizard.
You squeeze the orc wizard!
The orc wizard is severely wounded.
You constrict the orc wizard. The orc wizard completely misses you.
You tentacle-slap the orc wizard.
You kill the orc wizard!
An ogre comes into view. It is wielding a +0 giant club.
You closely miss the orc. You grab the orc. You constrict the orc.
The orc barely misses you.
You tentacle-slap the orc.
You kill the orc!
You tentacle-slap the orc. You grab the orc.
The orc is lightly wounded.
You constrict the orc, but do no damage.
The orc barely misses you.
You tentacle-slap the orc. You squeeze the orc, but do no damage.
The orc is moderately wounded.
You constrict the orc, but do no damage.
You tentacle-slap the orc.
The orc is severely wounded.
You constrict the orc. The orc hits you with a +0 flail!
You tentacle-slap the orc.
The orc is almost dead.
You constrict the orc.
You kill the orc!
You bludgeon the ogre!
The ogre is moderately wounded.
The ogre hits you with a +0 giant club!!
Ouch! That really hurt!
* * * LOW HITPOINT WARNING * * *
You are too injured to fight recklessly!
You are too injured to fight recklessly!
You tentacle-slap the ogre. You squeeze the ogre!
The ogre is almost dead.
The ogre hits you with a +0 giant club!!
You die...

#....#
#........##.......[.###.
#....#
#........##.........#.†.
#....#
#.....................#.
#....#
#........##........####.
#....#
#........##........+ ..
#....#
#######.###†.......# .##
#.# #........##. #.#
#........## #h#
#.........# #O#
#.........#.## #.#
#.........#... #.#
#########.#..# ..# #..#
### #.O# #.. ... ..#.


You could see an ogre.

Vanquished Creatures
  An ogre (D:4)
  An orc priest (D:4)
  3 orc wizards (D:4)
  4 gnolls (D:2)
  3 adders
  An ufetubus (D:3)
  A worm (D:2)
  2 dart slugs (D:3)
  16 orcs
  4 endoplasms
  4 giant cockroaches
  4 goblins
  4 hobgoblins
  8 jackals
  5 kobolds
  2 quokkas (D:4)
  7 ball pythons
  6 bats
  9 frilled lizards
  4 rats
89 creatures vanquished.

Notes
Turn   | Place    | Note
-------+----------+-------------------------------------------
     0 | D:1      | LeprechaunX the Octopode Shapeshifter began the quest for
                  | the Orb.
     0 | D:1      | Reached XP level 1. HP: 13/13 MP: 1/1
    92 | D:1      | Reached XP level 2. HP: 14/18 MP: 2/2
   311 | D:1      | Found Lyxu Hats's General Store.
   353 | D:1      | Bought a scroll of identify for 24 gold pieces
   394 | D:1      | Reached XP level 3. HP: 23/23 MP: 3/3
  1301 | D:2      | Reached XP level 4. HP: 20/29 MP: 4/4
  1873 | D:3      | Found a faded altar of an unknown god.
  1968 | D:3      | Found a faded altar of an unknown god.
  2080 | D:3      | Reached XP level 5. HP: 34/34 MP: 5/5
  2634 | D:4      | Reached skill level 1 in Shields
  2732 | D:4      | Noticed an ogre
  2772 | D:4      | Noticed an ogre
  2780 | D:4      | Killed an ogre
  2781 | D:4      | Reached XP level 6. HP: 41/41 MP: 6/6
  2988 | D:4      | Demolished by an ogre

Illustrated notes

Levels and vault maps discovered:
D:1:      sevenhm_arrival_forest_fort_large_4, layout_basic, serial_shops, shop,
          nicolae_titane
D:2:      layout_loops_ring
D:3:      layout_loops_ring, nicolae_overflow_ecumenical_swirl,
          shapermc_ecumenical_altar_gd, minivault_25, corexii_leaking_fountain,
          minmay_joined_circles
D:4:      layout_basic

Skill      XL: |  1  2  3  4  5  6 |
---------------+-------------------+-----
Fighting       | 2 |  2.8
Shapeshifting  | 4 |  4.7
Dodging        | 3 |  3.2
Shields        | 1 |  1.7
Unarmed Combat | 4 |  4.0

Action                     |  1- 3 |  4- 6 || total
---------------------------+-------+-------++-------
  Melee: Unarmed           |    64 |    84 ||   148
         Constrict         |    15 |    21 ||    36
         Tentacles         |    13 |    15 ||    28
         Punch             |     1 |     2 ||     3
  Throw: Javelin           |       |     3 ||     3
   Stab: Sleeping          |     9 |     7 ||    16
 Armour: Skin              |    24 |    25 ||    49
  Dodge: Dodged            |    31 |    36 ||    67

Table legend: (Time is in decaauts)
 A = Elapsed time spent in this place.
 B = Non-inter-level travel time spent in this place.
 C = Inter-level travel time spent in this place.
 D = Time resting spent in this place.
 E = Time spent auto-exploring this place.
 F = Levels seen in this place.
 G = Mean time per level.
                   A        B        C        D        E       F      G
               +--------+--------+--------+--------+--------+-----+--------+
         Total |   2978 |   2807 |    171 |     29 |   2300 |   4 |  744.5 |
       Dungeon |   2978 |   2807 |    171 |     29 |   2300 |   4 |  744.5 |
               +--------+--------+--------+--------+--------+-----+--------+

Top non-repeatable levels by time:
     D:1: 1109 daAuts
     D:3: 826 daAuts
     D:2: 668 daAuts
     D:4: 373 daAuts
